 Dungeon Crawl Stone Soup version 0.23-a0-586-gacb4b3f (webtiles) character file.

3243 Amnesiac the Carver (level 9, -8/43 HPs)
             Began as a Spriggan Berserker on Dec 19, 2018.
             Was a High Priest of Trog.
             Mangled by a wyvern (11 damage)
             ... on level 7 of the Dungeon.
             The game lasted 00:14:41 (7646 turns).

Amnesiac the Carver (Spriggan Berserker)            Turns: 7646, Time: 00:14:41

Health: -8/43      AC:  6    Str: 16    XL:     9   Next: 67%
Magic:  13/13      EV: 24    Int:  9    God:    Trog [*****.]
Gold:   324        SH:  9    Dex: 18    Spells: 8/8 levels left

rFire    . . .     SeeInvis +   a - +2 long sword (vamp)
rCold    . . .     Gourm    .   t - +2 buckler
rNeg     . . .     Faith    .   l - +2 robe of the Fisher {rElec MR+}
rPois    .         Spirit   .   (helmet restricted)
rElec    +         Reflect  .   q - +1 cloak
rCorr    .         Harm     .   (gloves unavailable)
MR       ++...                  (boots unavailable)
Stlth    ++........             (no amulet)
HPRegen  0.14/turn              s - +3 ring of dexterity
MPRegen  0.13/turn              (no ring)

@: lethally poisoned (-8 -> -11), very quick
A: very small, unfitting armour, see invisible, herbivore, speed 3, slow
metabolism 2
a: Berserk, Trog's Hand, Brothers in Arms, Renounce Religion


You were on level 7 of the Dungeon.
You worshipped Trog.
Trog was extremely pleased with you.
You were very full.

You visited 1 branch of the dungeon, and saw 8 of its levels.
You also visited: Sewer.

You collected 324 gold pieces.

Inventory:

Hand Weapons
 a - a +2 vampiric long sword (weapon)
 b - a +2 dagger of draining
 x - a +0 blowgun
Missiles
 y - 27 poisoned needles
Armour
 l - the +2 robe of the Fisher (worn) {rElec MR+}
   (You found it on level 7 of the Dungeon)

   It insulates you from electricity.
   It affects your resistance to hostile enchantments.
 q - a +1 cloak (worn)
 t - a +2 buckler (worn)
Jewellery
 s - a +3 ring of dexterity (left hand)
 G - a +3 ring of strength {unknown}
Wands
 r - a wand of enslavement (6)
 u - a wand of polymorph (5)
 A - a wand of flame (22)
 E - a wand of iceblast (6)
 I - a wand of paralysis (7)
Scrolls
 d - 4 scrolls of enchant armour {!r, unknown}
 e - 3 scrolls of enchant weapon {!r, unknown}
 h - a scroll of fear {!r, unknown}
 i - a scroll of blinking {!r}
 k - 3 scrolls of immolation {!r, unknown}
 m - 5 scrolls of teleportation {!r}
 o - a scroll of torment {!r, unknown}
 v - 3 scrolls of remove curse {!r, unknown}
 C - 2 scrolls of magic mapping {!r}
 H - a scroll of identify {!r}
Potions
 f - 7 potions of curing {!q}
 g - 6 potions of heal wounds {!q, unknown}
 j - 2 potions of ambrosia {!q}
 n - 3 potions of mutation {!q, unknown}
 p - 2 potions of brilliance {!q}
 w - 6 potions of flight {!q, unknown}
 z - 2 potions of might {!q}
 B - 2 potions of agility {!q}
 D - a potion of haste {!q}
 F - a potion of berserk rage {!q}
 J - a potion of resistance {!q, unknown}
Comestibles
 c - 7 rations


   Skills:
 - Level 2.4 Fighting
 * Level 9.1 Long Blades
 - Level 8.0 Dodging
 + Level 5.0 Shields
 - Level 4.0 Evocations


You had 8 spell levels left.
You didn't know any spells.
Your spell library contained the following spells:

 Spells                   Type           Power        Failure   Level  Hunger
 Corona                   Hex            #......      43%         1    ##.....
 Ensorcelled Hibernation  Hex/Ice        #.....       56%         2    ###....
 Confuse                  Hex            #.......     80%         3    ####...
 Dazzling Spray           Conj/Hex       #.....       80%         3    ####...
 Tukima's Dance           Hex            #.......     80%         3    ####...
 Malign Gateway           Summ/Tloc      #.........   100%        7    #######
 Monstrous Menagerie      Summ           #.........   100%        7    #######
 Summon Greater Demon     Summ           #.........   100%        7    #######
 Summon Horrible Things   Summ           #.........   100%        8    #######


Dungeon Overview and Level Annotations

Branches:
Dungeon (8/15)             Temple (0/1) D:4
   Lair: D:8-11

Altars:
Ashenzari
Dithmenos
Fedhas
Hepliaklqana
Okawaru
Uskayaw
Xom
Yredelemnul
Beogh

Shops:
D:4 %   D:5 %

Annotations:
D:2 Grinder
D:3 3 runed doors, CollectiveS's ghost, amateur OgSk


Innate Abilities, Weirdness & Mutations

You are very small and have problems with some larger weapons.
You are too small for most types of armour.
You have supernaturally acute eyesight. (SInv)
You are a herbivore.
You cover ground extremely quickly.
You need to consume almost no food.


Message History

There is a stone staircase leading down here.
You see here 10 stones.
You see here a +0 giant club.
You see here a +0 giant club.
Key pressed, stopping explore.
You see here a falchion.
You see here a sling bullet.
You see here a sling bullet.
You see here a ring mail.
An adder comes into view.
An adder is nearby!
The adder hisses angrily.
The adder closely misses you.
You barely miss the adder. The adder barely misses you. The adder misses you.
You riposte.
You slash the adder!
You kill the adder!
Trog accepts your kill.
No target in view!
You see here an adder corpse.
No target in view!
Done exploring.
Done exploring.
Done exploring.
You see here a ring mail.
There is an escape hatch in the ceiling here.
There is a stone staircase leading down here.
You climb downwards.
A water moccasin, a crocodile and a wyvern come into view.
The water moccasin hisses angrily.
Found a spear and 7 gold pieces.
There is a stone staircase leading up here.
You block the wyvern's attack. The water moccasin bites you.
You are poisoned.
The water moccasin poisons you! You block the wyvern's attack.
The crocodile closely misses you.
You climb upwards.
You feel sick.
There is a stone staircase leading down here.
The water moccasin bites you but does no damage.
The wyvern misses you.
You feel sick.
The wyvern hisses menacingly.
The wyvern misses you.
You feel sick.
You feel sick.
You swing at nothing.
You feel sick.
You hit the wyvern.
You feel better.
The wyvern is lightly wounded.
The wyvern closely misses you. You block the wyvern's attack.
You hit the wyvern but do no damage.
The wyvern is lightly wounded.
You feel sick. The wyvern bites you!
* * * LOW HITPOINT WARNING * * *
You barely miss the wyvern.
The wyvern is lightly wounded.
You block the wyvern's attack.
You hit the wyvern.
You feel better.
The wyvern is lightly wounded.
You feel sick. The wyvern bites you!!
* * * LOW HITPOINT WARNING * * *
The wyvern closely misses you.
You hit the wyvern but do no damage.
The wyvern is lightly wounded.
The wyvern bites you!
You die...

####### #### #(....#
#####..# #.....# #...>..##
#.....# ###.####.†#
#.....# #.>.# ##.# #.....#
##.### #.# #.....#
####t.#######.# ## #.....#
#.@lS.....†...#
.####.....#
#.###.........#
.....##...# ##.#
#.........# ####..[..(#
#.<# #.........## #
#####..## #.##
#...t......## ## #...###.#
#...........## .#
#....#..# #.........#..##
.##
#......##########>##.##.<.
..######.#...>....#
#.##.##...


You could see a water moccasin, a crocodile and a wyvern.

Vanquished Creatures
  Pikel (D:7)
  Joseph (D:7)
  Menkaure (D:7)
  Duvessa (D:5)
  3 slaves
  2 phantoms
  5 ogres
  4 centaurs
  2 bullfrogs (D:6)
  Dowan (D:5)
  2 scorpions (D:4)
  A howler monkey (D:4)
  2 crimson imps (D:6)
  A jelly (D:5)
  A gnoll shaman (D:4)
  3 hounds
  2 orc wizards (D:6)
  A bullfrog skeleton (D:4)
  An iguana (D:5)
  Ijyb (D:3)
  10 worker ants
  12 adders
  8 river rats (Sewer)
  8 gnolls (D:4)
  A shadow imp (D:6)
  3 oozes
  An adder skeleton (D:4)
  5 worms
  2 dart slugs
  8 leopard geckos
  8 orcs
  9 ball pythons
  17 giant cockroaches
  6 goblins
  5 hobgoblins
  8 jackals
  5 quokkas
  6 bats
  8 frilled lizards
  A jackal skeleton (D:4)
  25 kobolds
  2 leopard gecko skeletons
  2 quokka skeletons
  27 rats
  A spectral orc (D:5)
224 creatures vanquished.

Vanquished Creatures (others)
  A slave (D:7)
  A bullfrog (D:7)
2 creatures vanquished.

Grand Total: 226 creatures vanquished

Notes
Turn   | Place    | Note
-------+----------+-------------------------------------------
     0 | D:1      | Amnesiac the Spriggan Berserker began the quest for the
                  | Orb.
     0 | D:1      | Reached XP level 1. HP: 11/11 MP: 2/2
   404 | D:1      | Reached XP level 2. HP: 14/16 MP: 3/3
   546 | D:1      | Reached skill level 3 in Long Blades
   795 | D:1      | Reached ** piety under Trog
   795 | D:1      | Reached skill level 5 in Dodging
   879 | D:1      | Reached XP level 3. HP: 11/19 MP: 4/4
  2105 | D:3      | Reached XP level 4. HP: 21/23 MP: 5/5
  2259 | D:3      | Noticed Grinder
  2259 | D:3      | Noticed Ijyb
  2379 | D:3      | Found a runed gate.
  2435 | D:3      | Noticed a +0 hand axe
  2437 | D:3      | Noticed a +0 hand axe
  2448 | D:3      | Found a hide-covered altar of Uskayaw.
  2526 | D:3      | Reached *** piety under Trog
  2570 | D:3      | Found a runed gate.
  2570 | D:3      | Found a runed gate.
  2577 | D:3      | Identified the +4 scale mail of the Suburbs {rF+ rC- MP+9
                  | Str-5 Int+8}
  2578 | D:3      | Noticed CollectiveS's ghost (amateur OgSk)
  2722 | D:3      | Killed Ijyb
  2722 | D:3      | Reached skill level 4 in Long Blades
  2819 | D:3      | Reached XP level 5. HP: 27/27 MP: 6/6
  3055 | D:3      | Found a roughly hewn altar of Beogh.
  3100 | D:4      | Noticed an ogre
  3123 | D:4      | Reached skill level 1 in Evocations
  3161 | D:4      | Killed an ogre
  3161 | D:4      | Reached XP level 6. HP: 22/32 MP: 6/8
  3241 | D:4      | Reached skill level 1 in Shields
  3408 | D:4      | Found an iron altar of Okawaru.
  3496 | D:4      | Found a hazy altar of Hepliaklqana.
  3512 | D:4      | Found a glowing drain.
  3532 | D:4      | Reached **** piety under Trog
  3553 | D:4      | Reached skill level 5 in Long Blades
  3569 | D:4      | Reached XP level 7. HP: 13/35 MP: 10/10
  3620 | Sewer    | Entered a sewer
  4453 | D:4      | Found a blossoming altar of Fedhas.
  4764 | D:4      | Reached ***** piety under Trog
  4848 | D:4      | Found a staircase to the Ecumenical Temple.
  5051 | D:4      | Found Bioxt's Food Boutique.
  5364 | D:5      | Entered Level 5 of the Dungeon
  5430 | D:5      | Found a shattered altar of Ashenzari.
  5443 | D:5      | Reached XP level 8. HP: 21/39 MP: 12/12
  5573 | D:5      | Reached skill level 6 in Long Blades
  5591 | D:5      | Found Erevew's Food Emporium.
  5623 | D:5      | Found a shimmering altar of Xom.
  5768 | D:5      | Found a basalt altar of Yredelemnul.
  5784 | D:5      | Noticed Dowan
  5784 | D:5      | Noticed Duvessa
  5826 | D:5      | Killed Duvessa
  5826 | D:5      | Received a gift from Trog
  5830 | D:5      | Killed Dowan
  5888 | D:5      | Reached skill level 7 in Long Blades
  6069 | D:5      | Found a basalt altar of Yredelemnul.
  6637 | D:6      | Reached XP level 9. HP: 43/43 MP: 13/13
  6654 | D:6      | Found a shadowy altar of Dithmenos.
  6847 | D:7      | Reached skill level 8 in Long Blades
  6861 | D:7      | Got a shadowed robe
  6872 | D:7      | Identified the +2 robe of the Fisher {rElec MR+} (You found
                  | it on level 7 of the Dungeon)
  6910 | D:7      | Noticed Pikel
  6975 | D:7      | Noticed Joseph
  6983 | D:7      | Noticed Menkaure
  7189 | D:7      | Killed Joseph
  7194 | D:7      | Killed Menkaure
  7402 | D:7      | Killed Pikel
  7402 | D:7      | Reached skill level 9 in Long Blades
  7402 | D:7      | Reached skill level 5 in Shields
  7645 | D:7      | HP: 2/43 [wyvern (19)]
  7646 | D:7      | Mangled by a wyvern

Vault maps used:
D:1:      tarquinn_simple_flora_water_f, hex_tiny, minmay_crystal_water
D:3:      minmay_roachtagon, dancing_weapons_uskayaw,
          biasface_ghost_orc_armoury, uniq_ijyb, uniq_grinder
D:4:      old_standard_altar, fedhas_altar_1, overflow_temple_1_default,
          minmay_temple_entry_slanted, serial_shops, shop_statue,
          portal_sewer_entry_c, minmay_fractal_squares_5
D:5:      nicolae_overflow_crystal_walls, yredelemnul_forgotten_temple_becter,
          brannock_xom_greatest_gift, serial_shops, shop, first_ration,
          basic_altar, uniq_duvessa
D:6:      grunt_dithmenos_smoke, minmay_misc_feat_iff
D:7:      uniq_pikel, uniq_joseph, uniq_menkaure
D:8:      kennysheep_little_box, blue_anna_alchemist
Sewer:    sewer_minmay_treatment

Skill      XL: |  1  2  3  4  5  6  7  8  9 |
---------------+----------------------------+-----
Long Blades    | 3 4 5 7 9 |  9.1
Dodging        | 5 6 7 8 |  8.0
Evocations     | 1 2 4 |  4.0
Shields        | 1 2 3 5 |  5.0
Fighting       | |  2.4

Action                   |  1- 3 |  4- 6 |  7- 9 || total
-------------------------+-------+-------+-------++-------
Melee: Falchion          |    72 |       |    59 ||   131
       Dagger            |    61 |   249 |   416 ||   726
       Long sword        |       |       |   101 ||   101
Invok: Berserk           |       |       |     1 ||     1
  Use: Potion            |       |       |     1 ||     1
       Scroll            |       |       |    10 ||    10
 Stab: Sleeping          |     4 |     3 |     2 ||     9
  Eat: Ration            |       |     5 |     5 ||    10
Armor: Animal skin       |    10 |    22 |    17 ||    49
       Robe              |       |       |    12 ||    12
Dodge: Dodged            |   104 |   210 |   368 ||   682
Block: Buckler           |       |    71 |   236 ||   307
       Rpst.: Falchion   |    22 |       |    11 ||    33
       Long sword        |       |       |    24 ||    24

Table legend:
 A = Non-vault XP
 B = Vault XP
 C = Vault XP percentage of total XP
 D = Non-vault monster count
 E = Vault monster count
 F = Vault count percentage of total count
                 A         B        C        D         E       F
            +---------+---------+-------+---------+---------+-------
      Total |    2786 |    1848 |  39.9 |     143 |      78 |  35.3
            +---------+---------+-------+---------+---------+-------
        D:1 |      42 |       0 |   0.0 |      25 |       0 |   0.0
        D:2 |      53 |       0 |   0.0 |      18 |       0 |   0.0
        D:3 |      72 |      58 |  44.6 |      21 |      12 |  36.4
        D:4 |     838 |     143 |  14.6 |      31 |      12 |  27.9
        D:5 |     716 |     228 |  24.2 |      14 |       3 |  17.6
        D:6 |     760 |       0 |   0.0 |      24 |       0 |   0.0
        D:7 |     305 |    1231 |  80.1 |      10 |       3 |  23.1
      Sewer |       0 |     188 | 100.0 |       0 |      48 | 100.0
            +---------+---------+-------+---------+---------+-------
